 Dungeon Crawl Stone Soup version 0.22.1-2-g9c5b331 (webtiles) character file.

3574 dvd the Firebug (level 10, 0/60 (61) HPs)
             Began as an Octopode Fire Elementalist on Nov 26, 2018.
             Was a Follower of Vehumet.
             Shot with an arrow by a centaur (9 damage)
             ... on level 8 of the Dungeon.
             The game lasted 00:25:04 (9522 turns).

dvd the Firebug (Octopode Fire Elementalist)        Turns: 9522, Time: 00:25:05

HP:   0/60 (61)     AC:  1    Str:  8    XL:     10   Next: 10%
MP:   8/29          EV: 15    Int: 21    God:    Vehumet [*.....]
Gold: 395           SH:  5    Dex: 15    Spells: 7/22 levels left

rFire    . . .     SeeInvis .   u - +0 dagger (venom)
rCold    . . .     Gourm    .   v - +0 buckler
rNeg     + . .     Faith    .   (helmet restricted)
rPois    .         Spirit   .   r - amulet of harm
rElec    .         Reflect  .   z - ring of positive energy
rCorr    .         Harm     +   A - ring of magical power
MR       .....                  H - +3 ring of dexterity
Stlth    ++++......             (no ring)
HPRegen  0.20/turn              (no ring)
MPRegen  0.21/turn              (no ring)
                                (no ring)
                                (no ring)

@: no status effects
A: almost no armour, stealthy swim, amphibious, 8 rings, constrict 8, camouflage
1, gelatinous body 1
a: Renounce Religion


You were on level 8 of the Dungeon.
You worshipped Vehumet.
Vehumet was aware of your devotion.
You were very hungry.

You visited 2 branches of the dungeon, and saw 9 of its levels.

You collected 395 gold pieces.

Inventory:

Hand Weapons
 l - a +1 whip of draining
 s - a +0 falchion
 u - a +0 dagger of venom (weapon)
 J - a +2 whip of flaming
Armour
 n - a +0 shield
 v - a +0 buckler (worn)
Jewellery
 r - an amulet of harm (around mantle)
 z - a ring of positive energy (left tentacle)
 A - a ring of magical power (right tentacle)
 H - a +3 ring of dexterity (on tentacle)
Wands
 k - a wand of acid (10)
 w - a wand of iceblast (6)
 D - a wand of random effects (55)
 I - a wand of paralysis (13)
Scrolls
 d - 3 scrolls of identify {unknown}
 f - 4 scrolls of teleportation
 g - 3 scrolls of remove curse
 h - 2 scrolls of enchant weapon {unknown}
 p - a scroll of immolation {unknown}
 t - a scroll of random uselessness {unknown}
 y - a scroll of fog {unknown}
 B - a scroll of noise {unknown}
 G - a scroll of fear {unknown}
Potions
 a - a potion of lignification {unknown}
 e - 2 potions of haste {unknown}
 i - a potion of curing
 j - 2 potions of berserk rage {unknown}
 m - 2 potions of brilliance {unknown}
 o - 2 potions of agility {unknown}
 q - a potion of flight {unknown}
 x - a potion of degeneration {unknown}
 E - a potion of heal wounds {unknown}
Comestibles
 b - 14 rations


   Skills:
 + Level 2.5 Fighting
 + Level 2.8(2.9) Short Blades
 + Level 0.8(2.0) Long Blades
 + Level 3.9 Dodging
 + Level 5.3 Stealth
 * Level 5.2 Shields
 + Level 6.6 Spellcasting
 + Level 5.9 Conjurations
 + Level 0.5 Hexes
 + Level 7.3 Fire Magic


You had 7 spell levels left.
You knew the following spells:

 Your Spells              Type           Power        Failure   Level  Hunger
a - Flame Tongue          Conj/Fire      ####.        1%          1    None
b - Throw Flame           Conj/Fire      ####..       1%          2    None
c - Sticky Flame          Conj/Fire      ####....     6%          4    ###....
d - Inner Flame           Hex/Fire       ###.....     5%          3    #......
e - Fireball              Conj/Fire      ####......   17%         5    #####..

Your spell library contained the following spells:

 Spells                   Type           Power        Failure   Level  Hunger
 Magic Dart               Conj           ####         1%          1    None
 Conjure Flame            Conj/Fire      ####....     1%          3    #......


Dungeon Overview and Level Annotations

Branches:
Dungeon (8/15)             Temple (1/1) D:6
   Lair: D:8-11

Altars:
Ashenzari
Cheibriados
Dithmenos
Elyvilon
Fedhas
Gozag
Hepliaklqana
Kikubaaqudgha
Makhleb
Okawaru
Qazlal
Ru
Sif Muna
Trog
Uskayaw
Vehumet
Wu Jian
Xom
Zin
The Shining One
Beogh


Innate Abilities, Weirdness & Mutations

You cannot wear most types of armour.
You are very stealthy in the water. (Stealth+)
You are amphibious.
You can wear up to eight rings at the same time.
You can use your tentacles to constrict eight enemies at once.
Your skin changes colour to match your surroundings (Stealth+).
Your rubbery body absorbs attacks. (AC +1, EV +1)


Message History

The puff of flame hits the orc.
The orc is lightly wounded.
A killer bee comes into view.
Okay, then.
Unknown command.
Okay, then.
Unknown command.
As you read the scroll of teleportation, it crumbles to dust.
You feel strangely unstable. You block the orc's attack.
Unknown command.
Your surroundings suddenly seem different.
A bullfrog comes into view.
A centaur comes into view.
Found 18 gold pieces, 20 stones, a viscous ruby potion and 23 arrows.
Found a stone staircase leading up.
Unknown command.
Found a scroll labeled WILIYT BYAC.
There is a stone staircase leading up here.
The centaur shouts!
The centaur wields a shortbow.
The centaur shoots an arrow.
The arrow hits you!
You die...

.....F..#.#
.......(#.###
.........c..#
............#
.......!....#
............#
?...........#
.......@....#
..$.........#
........(...#
.......######
#.....#
######


You could see a bullfrog (wandering) and a centaur.

Vanquished Creatures
  Pikel (D:7)
  2 hippogriffs
  Menkaure (D:5)
  An ice beast (D:7)
  A slave (D:7)
  A necrophage (D:7)
  2 sky beasts
  2 ogres (D:7)
  3 centaurs
  6 bullfrogs
  2 scorpions
  2 howler monkeys
  4 crimson imps
  A bullfrog zombie (D:5)
  2 hounds (D:5)
  4 jellies
  Crazy Yiuf (D:5)
  6 orc priests
  An iguana (D:4)
  Ijyb (D:4)
  Terence (D:3)
  4 orc wizards
  7 worker ants
  3 hound skeletons
  A howler monkey zombie (D:6)
  2 worker ant zombies
  10 adders
  10 oozes
  2 adder skeletons
  An adder zombie (D:6)
  4 worms
  3 dart slugs
  5 leopard geckos
  25 orcs
  3 ball pythons
  9 bats
  7 giant cockroaches
  13 goblins
  11 hobgoblins
  7 jackals
  3 quokkas
  9 frilled lizards
  14 kobolds
  A quokka skeleton (D:2)
  A quokka zombie (D:6)
  16 rats
216 creatures vanquished.

Vanquished Creatures (others)
  An ice beast (D:6)
  A slave (D:7)
  An orc wizard (D:7)
  An orc (D:7)
  A fungus (D:2)
  6 toadstools (D:2)
11 creatures vanquished.

Grand Total: 227 creatures vanquished

Notes
Turn   | Place    | Note
-------+----------+-------------------------------------------
     0 | D:1      | dvd the Octopode Fire Elementalist began the quest for the
                  | Orb.
     0 | D:1      | Reached XP level 1. HP: 11/11 MP: 3/3
   254 | D:1      | Reached XP level 2. HP: 4/17 MP: 3/5
   697 | D:1      | Learned a level 2 spell: Throw Flame
   931 | D:1      | Reached XP level 3. HP: 21/21 MP: 2/6
  1800 | D:2      | Reached skill level 4 in Fire Magic
  1800 | D:2      | Reached XP level 4. HP: 27/27 MP: 2/7
  2470 | D:2      | Learned a level 4 spell: Sticky Flame
  2588 | D:2      | Reached XP level 5. HP: 28/32 MP: 5/9
  2739 | D:2      | Found a burning altar of Makhleb.
  3105 | D:2      | Reached XP level 6. HP: 30/37 MP: 1/10
  3854 | D:3      | Noticed Terence
  4033 | D:3      | Reached skill level 1 in Fighting
  4556 | D:3      | Killed Terence
  4668 | D:4      | Noticed Ijyb
  4729 | D:3      | Learned a level 3 spell: Inner Flame
  4730 | D:4      | Found a hide-covered altar of Uskayaw.
  4770 | D:4      | Reached XP level 7. HP: 38/43 MP: 4/12
  4910 | D:4      | Killed Ijyb
  5101 | D:4      | Reached skill level 5 in Fire Magic
  5222 | D:4      | Found a roughly hewn altar of Beogh.
  5484 | D:4      | Found a bloodstained altar of Trog.
  5820 | D:4      | Reached skill level 1 in Short Blades
  6277 | D:5      | Entered Level 5 of the Dungeon
  6395 | D:5      | Noticed Menkaure
  6398 | D:5      | Killed Menkaure
  6398 | D:5      | Reached skill level 1 in Shields
  6398 | D:5      | Reached XP level 8. HP: 49/49 MP: 7/14
  6799 | D:5      | Found an opulent altar of Gozag.
  7303 | D:5      | Found a runed door.
  7307 | D:5      | Noticed Crazy Yiuf
  7311 | D:5      | Killed Crazy Yiuf
  7387 | D:5      | Learned a level 5 spell: Fireball
  7760 | D:6      | Found a shattered altar of Ashenzari.
  7795 | D:6      | Noticed an angel
  7796 | D:6      | Found a glowing silver altar of Zin.
  8009 | D:6      | Reached skill level 5 in Spellcasting
  8027 | D:6      | Reached skill level 6 in Fire Magic
  8172 | D:6      | Reached XP level 9. HP: 54/54 MP: 16/16
  8217 | D:6      | Found a staircase to the Ecumenical Temple.
  8226 | Temple   | Entered the Ecumenical Temple
  8290 | Temple   | Became a worshipper of Vehumet
  8640 | D:7      | Reached skill level 5 in Stealth
  8930 | D:7      | Reached skill level 5 in Conjurations
  9012 | D:7      | Noticed Pikel
  9025 | D:7      | Killed Pikel
  9402 | D:7      | Reached skill level 7 in Fire Magic
  9441 | D:7      | Reached XP level 10. HP: 60/60 MP: 19/19
  9502 | D:8      | Reached skill level 5 in Shields
  9502 | D:8      | Reached * piety under Vehumet
  9502 | D:8      | Offered knowledge of Magic Dart by Vehumet.
  9522 | D:8      | Shot with an arrow by a centaur

Skill      XL: |  1  2  3  4  5  6  7  8  9 10 |
---------------+-------------------------------+-----
Stealth        | 3 4 5 |  5.3
Fire Magic     | 4 5 6 7 |  7.3
Conjurations   | 2 3 4 5 |  5.9
Spellcasting   | 3 4 5 6 |  6.6
Fighting       | 1 2 |  2.5
Short Blades   | 1 2 |  2.8
Dodging        | 3 |  3.9
Shields        | 1 3 4 5 |  5.2
Long Blades    | |  0.8
Hexes          | |  0.5

Action                   |  1- 3 |  4- 6 |  7- 9 | 10-12 || total
-------------------------+-------+-------+-------+-------++-------
Melee: Short sword       |    13 |    49 |       |       ||    62
       Constrict         |     3 |    15 |    35 |       ||    53
       Tentacles         |     2 |    18 |    28 |     1 ||    49
       Falchion          |       |     9 |       |       ||     9
       Dagger            |       |     6 |   132 |     3 ||   141
 Cast: Flame Tongue      |    46 |    85 |    56 |     8 ||   195
       Throw Flame       |    14 |    30 |    85 |     2 ||   131
       Sticky Flame      |       |     1 |    20 |     1 ||    22
       Inner Flame       |       |     1 |     2 |       ||     3
       Fireball          |       |       |     1 |     2 ||     3
  Use: Scroll            |     2 |       |     1 |     1 ||     4
 Stab: Sleeping          |     1 |     2 |     5 |       ||     8
  Eat: Chunk             |     4 |    11 |    19 |       ||    34
Armor: Skin              |     5 |     8 |     4 |       ||    17
Dodge: Dodged            |    15 |    77 |    70 |     5 ||   167
Block: Buckler           |       |       |    19 |     2 ||    21
       Rpst.: Falchion   |       |     2 |       |       ||     2
